[Event "ICC tourney 1969 (45 10)"]
[Site "Internet Chess Club"]
[Date "2020.08.22"]
[Round "4"]
[White "sushmadasari"]
[Black "spamazing26"]
[Result "1/2-1/2"]
[ICCResult "Game drawn by mutual agreement"]
[WhiteElo "1528"]
[BlackElo "1673"]
[Opening "Lengfellner system"]
[ECO "C01"]
[NIC "FR.01"]
[Time "18:32:09"]
[TimeControl "2700+10"]

1. e4 e6 2. d4 d6 3. Nf3 Nf6 4. Bd3 Be7 5. O-O c5 6. e5 dxe5 7. dxe5 Nd5 8.
c4 Nb4 9. Be4 Qxd1 10. Rxd1 f6 11. exf6 gxf6 12. Nc3 f5 13. Bd3 Bd7 14. Ne5
N8c6 15. Nxd7 O-O-O 16. Nxc5 Bxc5 17. Be2 Rxd1+ 18. Nxd1 Nd4 19. Nc3 Nxe2+
20. Nxe2 Nd3 21. Kf1 Bxf2 22. Bd2 Re8 23. Bc3 Bb6 24. Rd1 Nf2 25. Rc1 Ng4
26. h3 Ne3+ 27. Kf2 Nd1+ 28. Kf1 Ne3+ 29. Kf2 Nd1+ 30. Kf1 Nxc3 31. Nxc3 Bd4
32. b4 Rd8 33. Nb5 a6 34. Nxd4 Rxd4 35. Ke2 Kd7 36. Rc2 Re4+ 37. Kf2 e5 38.
a3 Kc6 39. Rc3 Rd4 40. Ke2 f4 41. Kf3 h5 42. g3 fxg3 43. Kxg3 Rf4 44. Re3
Kd6 45. Rd3+ Ke6 46. c5 h4+ 47. Kg2 Rd4 48. Rf3 Rd2+ 49. Kf1 Ra2 50. Kg1 Kd5
51. Rf7 Rxa3 52. Rxb7 Rxh3 53. Rb6 Ra3 54. Rh6 h3 55. Kh2 Kc4 56. Rxh3 Ra2+
57. Kg3 Kxb4 58. c6 Rc2 59. Rh4+ Kb5 60. Re4 Rxc6 61. Rxe5+ Kb4 62. Re1 Rc3+
63. Kf2 a5 64. Ke2 a4 65. Kd2 a3 66. Rb1+ Rb3 67. Kc2
{Game drawn by mutual agreement}
1/2-1/2

[Event "ICC tourney 1969 (45 10)"]
[Site "Internet Chess Club"]
[Date "2020.08.22"]
[Round "4"]
[White "chessforme17"]
[Black "creepycrawlies"]
[Result "0-1"]
[ICCResult "White resigns"]
[WhiteElo "1944"]
[BlackElo "2194"]
[Opening "Sicilian: Canal-Sokolsky (Nimzovich-Rossolimo, Moscow) attack"]
[ECO "B51"]
[NIC "SI.01"]
[Time "18:31:48"]
[TimeControl "2700+10"]

1. e4 c5 2. Nf3 d6 3. Bb5+ Nd7 4. d4 cxd4 5. Qxd4 a6 6. Be2 e5 7. Qe3 b5 8.
O-O Ngf6 9. Rd1 Bb7 10. Nfd2 Be7 11. c4 bxc4 12. Nc3 Qc7 13. Bxc4 O-O 14. b4
Nb6 15. Bb3 d5 16. Nxd5 Nbxd5 17. exd5 Nxd5 18. Bxd5 Bxd5 19. Bb2 f6 20. a3
Rfd8 21. Nf3 Qb7 22. Bc3 Rac8 23. Rac1 Qb5 24. h3 Bf7 25. Qa7 Rxd1+ 26. Rxd1
Bf8 27. Qe3 Qa4 28. Ra1 Qb3 29. Bd2 Qb2 30. Qe1 Rc2 31. Rc1 e4 32. Rb1 Qa2
33. Ra1 Qd5 34. Qd1 Rc8 35. Nh2 Rd8 36. Nf1 Bd6 37. Ne3 Qd3 38. Be1 Be5 39.
Rb1 Ba2 40. Rc1 Bb2 41. Qxd3 exd3 42. Rd1 Bb3 43. Rb1 d2 44. Bxd2 Rxd2 45.
Nf1 Rd1 46. Rxb2 Bc4 47. Kh2 Bxf1 48. a4 Rd5 49. Kg3 Kf7 50. f3 Bd3 51. Kf2
Ke6 52. Ke3 Kd6 53. g3 Bg6 54. b5 axb5 55. a5 Kc6 56. Rb3 Kb7 {White
resigns} 0-1

[Event "ICC tourney 1969 (45 10)"]
[Site "Internet Chess Club"]
[Date "2020.08.22"]
[Round "4"]
[White "AdityaShiv"]
[Black "Ayushb"]
[Result "1/2-1/2"]
[ICCResult "Game drawn by mutual agreement"]
[WhiteElo "1942"]
[BlackElo "1733"]
[Opening "Scotch game"]
[ECO "C45"]
[NIC "SO.05"]
[Time "18:31:54"]
[TimeControl "2700+10"]

1. e4 e5 2. Nf3 Nc6 3. d4 exd4 4. Nxd4 Bc5 5. Be3 Qf6 6. c3 Nge7 7. Bc4 a6
8. O-O O-O 9. Qd2 d6 10. f4 b5 11. Be2 Bb7 12. Bf3 b4 13. Nb3 Bxe3+ 14. Qxe3
Rfe8 15. e5 dxe5 16. fxe5 Nf5 17. exf6 Nxe3 18. Rf2 Rab8 19. Nc5 Na5 20.
Bxb7 Nxb7 21. Nxa6 Rbd8 22. Nd2 bxc3 23. bxc3 Ng4 24. Rf4 Nxf6 25. Nf3 Nd5
26. Rd4 Nxc3 27. Rxd8 Rxd8 28. Nxc7 Rd1+ 29. Rxd1 Nxd1 30. Kf1 f6 31. Nd5
Kf7 32. Nd4 Nb2 33. Ke2 Ke8 34. Kd2 Na4 35. Kd3 Nbc5+ 36. Kc4 Kd7 37. Nf5 g6
38. Nd4 Ne4 39. Kb4 Kd6 40. Ne3 Nec5 41. Nf3 Ke6 42. Kc4 Nd7 43. Kb4 Ndc5
44. a3 Kd6 45. Kb5 Nc3+ 46. Kc4 N3a4 47. Ng4 Ke7 48. Kd5 f5 49. Nge5 Kf6 50.
Kc6 g5 51. Nc4 g4 52. Nd4 f4 53. Kd5 Kg5 54. Ne5 h5 55. Nf7+ Kf6 56. Nd6 Kg5
57. Nf7+ Kf6 58. Nd6 Kg5 59. Ne4+ Nxe4 60. Kxe4 Nc5+ 61. Kd5 Na4 62. Ke5 Nc5
63. Kd5 Na4 {Game drawn by mutual agreement} 1/2-1/2

[Event "ICC tourney 1969 (45 10)"]
[Site "Internet Chess Club"]
[Date "2020.08.22"]
[Round "4"]
[White "davika21"]
[Black "investigator"]
[Result "0-1"]
[ICCResult "White checkmated"]
[WhiteElo "1881"]
[BlackElo "2103"]
[Opening "Pirc: classical system, 5.Be2"]
[ECO "B08"]
[NIC "PU.01"]
[Time "18:31:47"]
[TimeControl "2700+10"]

1. e4 d6 2. d4 Nf6 3. Nc3 g6 4. Nf3 Bg7 5. Be2 O-O 6. O-O Bg4 7. Be3 Nc6 8.
h3 Bxf3 9. Bxf3 Re8 10. d5 Ne5 11. Be2 c6 12. f4 Ned7 13. dxc6 bxc6 14. Bc4
Rb8 15. Bb3 Qa5 16. Qf3 e6 17. Bd2 Qc7 18. f5 d5 19. fxe6 fxe6 20. exd5 cxd5
21. Bf4 Qc5+ 22. Qf2 Rbd8 23. Qxc5 Nxc5 24. Bg5 Rf8 25. Rae1 h6 26. Bh4 g5
27. Bf2 Nfe4 28. Nxe4 Nxe4 29. Bxa7 Rxf1+ 30. Rxf1 Bxb2 31. a4 Ra8 32. Bb6
Ra6 33. Bd8 Nc5 34. Bf6 Bxf6 35. Rxf6 Kg7 36. Rf2 Nxa4 37. Bxa4 Rxa4 38. Re2
Kf6 39. Kf2 e5 40. Rd2 Ke6 41. Kf3 Rf4+ 42. Ke3 d4+ 43. Ke2 h5 44. Rd3 Kd5
45. Ra3 g4 46. Ra5+ Ke4 47. Ra3 h4 48. hxg4 Rxg4 49. Kf2 Kf4 50. Rf3+ Kg5
51. Rd3 Rf4+ 52. Ke2 Re4+ 53. Kf2 Kf4 54. Rf3+ Kg4 55. Rd3 Rf4+ 56. Ke2 Rf8
57. c3 dxc3 58. Rxc3 Rf4 59. Re3 Rf5 60. Ke1 Kf4 61. Ke2 Rg5 62. Rf3+ Ke4
63. Kf2 Rg3 64. Rxg3 hxg3+ 65. Kxg3 Ke3 66. Kh2 Kf2 67. g4 e4 68. g5 e3 69.
g6 e2 70. g7 e1=Q 71. g8=Q Qe5+ 72. Qg3+ Qxg3+ 73. Kh1 Qh4# {White
checkmated} 0-1

[Event "ICC tourney 1969 (45 10)"]
[Site "Internet Chess Club"]
[Date "2020.08.22"]
[Round "4"]
[White "serafindelapaz"]
[Black "adelie"]
[Result "0-1"]
[ICCResult "White resigns"]
[WhiteElo "1692"]
[BlackElo "1945"]
[Opening "Queen's Pawn"]
[ECO "A41"]
[NIC "QO.17"]
[Time "18:32:01"]
[TimeControl "2700+10"]

1. d4 d6 2. Bf4 f5 3. e3 Nf6 4. Nf3 g6 5. Be2 Bg7 6. h3 O-O 7. O-O Qe8 8. c4
c6 9. Nc3 h6 10. Bh2 Nbd7 11. Rc1 e5 12. b4 g5 13. b5 g4 14. hxg4 fxg4 15.
Nh4 Qh5 16. Bg3 Qg5 17. Qb3 c5 18. Rcd1 e4 19. Qc2 Re8 20. Kh2 b6 21. Rh1
Bb7 22. d5 Bf8 23. Kg1 h5 24. Bf4 Qg7 25. Nf5 Qg6 26. Nh4 Qh7 27. Bf1 Ne5
28. Bg3 Bh6 29. Bxe5 Rxe5 30. g3 Rae8 31. Bg2 Bc8 32. a4 Qg7 33. Bf1 Nh7 34.
Ng2 Ng5 35. Be2 Nf3+ 36. Bxf3 gxf3 37. Nh4 Bg4 38. Kf1 Bg5 39. Qd2 Kh7 40.
Ra1 Qd7 41. Ke1 Bh3 42. Kd1 Bxh4 43. gxh4 Qg4 44. Kc2 Qxh4 45. a5 Qg4 46.
axb6 axb6 47. Ra7+ R5e7 48. Ra6 Rb7 49. Na4 Reb8 50. Kb3 Bg2 51. Rh2 h4 52.
Qc3 Kg6 53. Qc2 h3 54. Nc3 Kf5 55. Qb1 Qh4 56. Qc2 Qe7 57. Qc1 Qe5 58. Qg1
Rg7 59. Na4 Rgb7 60. Nc3 Kf6 61. Na4 Ke7 62. Nc3 Kd7 63. Na4 Kc8 64. Nc3 Rh7
65. Na4 Kc7 66. Nc3 Rhh8 67. Ra7+ Rb7 68. Ra6 Rhb8 69. Na4 Qh8 70. Qb1 Re8
71. Nc3 Qe5 72. Qg1 Kb8 73. Na4 Kc7 74. Nc3 Qh8 75. Qb1 Qh7 76. Na4 Re7 77.
Nc3 Qf5 78. Na4 Qf8 79. Nc3 Qe8 80. Na4 Rb8 81. Ra7+ Kc8 82. Ra6 Reb7 83.
Nc3 Qe5 84. Qg1 Kc7 85. Na4 Qh8 86. Qb1 Qe8 87. Nc3 Kc8 88. Qxe4 Qxe4 89.
Nxe4 Rd7 90. Kc3 Kb7 91. Nd2 Ra8 92. Rxa8 Kxa8 93. Kd3 Rf7 94. Ne4 Bf1+ 95.
Kc3 Rd7 96. Ng5 Bg2 97. Kd3 Rg7 98. Ne4 Rg6 99. Ng3 Kb7 100. Ne4 Kc7 101.
Nd2 Rg8 102. e4 Kd7 103. Ke3 Rf8 104. Nb3 Ke7 105. Nc1 Ra8 106. Nd3 Ra3 107.
Kd2 Kf6 108. Nf4 Ra8 109. Nd3 Re8 110. Ke3 Kg5 111. Nf4 Kg4 112. Ne6 Ra8
113. e5 dxe5 114. Ke4 Bf1 115. Kxe5 Bxc4 116. Nc7 Ra2 117. d6 Re2+ 118. Kf6
Rd2 119. Ke7 Re2+ 120. Kd8 Be6 121. Nxe6 Rxe6 122. Kc7 c4 123. d7 Re7 124.
Kd6 Rxd7+ 125. Kxd7 c3 126. Kc6 c2 127. Rh1 h2 128. Kxb6 Kh3 129. Ka7 Kg2
130. Rc1 h1=Q 131. Rxc2 Qh7+ 132. Ka6 Qxc2 {White resigns} 0-1

[Event "ICC tourney 1969 (45 10)"]
[Site "Internet Chess Club"]
[Date "2020.08.23"]
[Round "5"]
[White "Jeffchess"]
[Black "CoolBruhO"]
[Result "0-1"]
[ICCResult "White resigns"]
[WhiteElo "1362"]
[BlackElo "1339"]
[Opening "Four knights: Italian variation"]
[ECO "C47"]
[NIC "RG.01"]
[Time "11:03:49"]
[TimeControl "2700+10"]

1. e4 e5 2. Nf3 Nf6 3. Nc3 Nc6 4. Bc4 h6 5. Bxf7+ Kxf7 6. Nxe5+ Nxe5 7. d4
Ng6 8. e5 Nh7 9. Qf3+ Ke8 10. Qh5 Kf7 11. Qf5+ Nf6 12. d5 Bb4 13. exf6 Qxf6
14. Qxf6+ gxf6 15. Bd2 Re8+ 16. Kd1 d6 17. Bxh6 Bc5 18. f3 Bd7 19. Kd2 Ne5
20. Ne4 Nc4+ 21. Kc3 b5 22. Nxc5 dxc5 23. b3 Nb6 24. Bf4 Nxd5+ 25. Kb2 Nxf4
26. g3 Ne2 27. Rad1 Bc6 28. Rhf1 a5 29. f4 a4 30. Rd2 a3+ 31. Ka1 Rad8 32.
Rfd1 Rxd2 33. Rxd2 Nc3 34. Rd1 Nxd1 35. Kb1 Nc3+ 36. Kc1 b4 37. f5 Rd8
{White resigns}
0-1

[Event "ICC tourney 1969 (45 10)"]
[Site "Internet Chess Club"]
[Date "2020.08.23"]
[Round "5"]
[White "mrmusicwriter5"]
[Black "avats"]
[Result "0-1"]
[ICCResult "White resigns"]
[WhiteElo "1737"]
[BlackElo "1599"]
[Opening "French: King's Indian attack"]
[ECO "C00"]
[NIC "FR.02"]
[Time "11:03:43"]
[TimeControl "2700+10"]

1. e4 e6 2. d3 d5 3. Nd2 dxe4 4. dxe4 Bc5 5. Ngf3 Nf6 6. Bc4 O-O 7. O-O Qe7
8. Qe2 Nc6 9. b3 Bd7 10. Bb2 Ba3 11. Bxa3 Qxa3 12. e5 Nd5 13. Ne4 Qe7 14.
Rad1 Nb6 15. Bd3 Rad8 16. Neg5 h6 17. Qe4 g6 18. Nh3 Bc8 19. Nf4 Nb4 20. Nh5
Nxd3 21. Nf6+ Kg7 22. Rxd3 Nd7 23. Ng4 f5 24. exf6+ Nxf6 25. Nxf6 Qxf6 26.
Rc3 Qxc3 27. Ne5 Rf6 28. Ng4 Rf5 29. Ne3 Rf7 30. Qh4 Rdf8 31. Ng4 h5 32. Ne3
Qxe3 {White resigns} 0-1

[Event "ICC tourney 1969 (45 10)"]
[Site "Internet Chess Club"]
[Date "2020.08.23"]
[Round "5"]
[White "charanreddy"]
[Black "Chessking2008"]
[Result "1-0"]
[ICCResult "Black resigns"]
[WhiteElo "1388"]
[BlackElo "2141"]
[Opening "Sicilian: Alapin's variation (2.c3)"]
[ECO "B22"]
[NIC "SI.46"]
[Time "11:04:33"]
[TimeControl "2700+10"]

1. e4 c5 2. c3 e6 3. d4 d5 4. exd5 exd5 5. Be3 b6 6. Nf3 Nf6 7. Bb5+ Bd7 8.
c4 Bxb5 9. cxb5 Bd6 10. Nc3 O-O 11. O-O Nbd7 12. dxc5 Nxc5 13. g3 Be7 14.
Ne5 Re8 15. Nc6 Qd7 16. Bg5 Bd8 17. Rc1 Qh3 18. Bxf6 Bxf6 19. Nxd5 Bxb2 20.
Rc4 Be5 21. Nde7+ Kf8 22. Rh4 Qe6 23. Rxh7 g6 24. Nxe5 Qxe5 25. Nxg6+ fxg6
26. Qf3+ Qf5 27. Qc3 Qe5 28. Qxe5 Rxe5 29. Rh8+ {Black resigns} 1-0

[Event "ICC tourney 1969 (45 10)"]
[Site "Internet Chess Club"]
[Date "2020.08.23"]
[Round "5"]
[White "Hocky"]
[Black "arodmed30"]
[Result "1-0"]
[ICCResult "Black checkmated"]
[WhiteElo "1158"]
[BlackElo "1496"]
[Opening "Sicilian: accelerated fianchetto, modern variation"]
[ECO "B34"]
[NIC "SI.33"]
[Time "11:04:07"]
[TimeControl "2700+10"]

1. e4 c5 2. Nf3 g6 3. d4 cxd4 4. Nxd4 Nc6 5. Nc3 Bg7 6. Be3 Nf6 7. f3 O-O 8.
Bc4 b6 9. Qd2 Bb7 10. O-O-O Re8 11. Kb1 Rc8 12. Bb3 d6 13. h4 Nxd4 14. Bxd4
Qd7 15. g4 Ba6 16. h5 Bc4 17. hxg6 fxg6 18. g5 Bxb3 19. gxf6 Bxc2+ 20. Qxc2
exf6 21. Qh2 Bh8 22. Nd5 Rf8 23. Qh6 Rf7 24. Rdg1 Qc6 25. Rxg6+ Bg7 26.
Qxh7+ Kf8 27. Qh8+ Bxh8 28. Rxh8# {Black checkmated} 1-0

[Event "ICC tourney 1969 (45 10)"]
[Site "Internet Chess Club"]
[Date "2020.08.23"]
[Round "5"]
[White "stgummadi"]
[Black "Pranavs23"]
[Result "1-0"]
[ICCResult "Black checkmated"]
[WhiteElo "1413"]
[BlackElo "899"]
[Opening "Scotch game"]
[ECO "C45"]
[NIC "SO.04"]
[Time "11:03:57"]
[TimeControl "2700+10"]

1. e4 e5 2. Nf3 Nc6 3. d4 exd4 4. Nxd4 Nxd4 5. Qxd4 Nf6 6. Nc3 b6 7. g3 Bb7
8. Bg2 Bc5 9. Qc4 d6 10. O-O Qd7 11. Re1 O-O-O 12. Bf4 Kb8 13. Rad1 Rhe8 14.
e5 Bxg2 15. exf6 Rxe1+ 16. Rxe1 Bb7 17. Re7 Qh3 18. Qf1 Qxf1+ 19. Kxf1 gxf6
20. Rxf7 Ba6+ 21. Kg2 Bb7+ 22. f3 Bd4 23. Rxh7 Re8 24. h4 Bxc3 25. bxc3 Re2+
26. Kh3 Bxf3 27. h5 f5 28. h6 Re1 29. g4 Bxg4+ 30. Kg2 Re2+ 31. Kf1 Re8 32.
Rg7 Rh8 33. h7 Kb7 34. Bxd6 Kc6 35. Be5 Kd5 36. Bd4 Kc6 37. Rxc7+ Kxc7 38.
Bxh8 f4 39. Bg7 Bh3+ 40. Kf2 Bf5 41. h8=Q Bxc2 42. Be5+ Kc6 43. Qf6+ Kd5 44.
Qd6+ Ke4 45. Qd4+ Kf5 46. Qxf4+ Ke6 47. Qf3 Kxe5 48. Qe2+ Be4 49. Kg3 Kd5
50. c4+ Kd4 51. Kf4 Bh7 52. Qe5+ Kxc4 53. Qc7+ Kb4 54. Qxh7 a5 55. Ke4 Ka3
56. Qh2 b5 57. Qc2 a4 58. Kd4 b4 59. Kc4 b3 60. axb3 axb3 61. Qxb3#
{Black checkmated}
1-0

[Event "ICC tourney 1969 (45 10)"]
[Site "Internet Chess Club"]
[Date "2020.08.23"]
[Round "5"]
[White "Chris0708"]
[Black "Luc2008"]
[Result "0-1"]
[ICCResult "White resigns"]
[WhiteElo "1254"]
[BlackElo "1595"]
[Opening "Scandinavian (center counter) defense"]
[ECO "B01"]
[NIC "SD.01"]
[Time "11:03:58"]
[TimeControl "2700+10"]

1. e4 d5 2. exd5 Qxd5 3. Nc3 Qa5 4. Nf3 Nf6 5. h3 Bf5 6. Bc4 e6 7. a3 Nc6 8.
O-O O-O-O 9. d3 Bd6 10. Be3 Ne5 11. Nd2 Bxh3 12. Nb3 Nxc4 13. Nxa5 Bxg2 14.
Kxg2 Nxa5 15. b4 Nc6 16. Kf3 Be5 17. Qd2 h6 18. Rfe1 g5 19. Ke2 Nd5 20. Nxd5
Bxa1 21. Rxa1 Rxd5 22. c4 Rd7 23. Qc3 Rhd8 24. Rd1 Nd4+ 25. Bxd4 Rxd4 26.
Ke3 e5 27. Rh1 R8d6 28. Rg1 f5 29. Ke2 g4 30. Rg2 e4 31. dxe4 Rxe4+ 32. Qe3
Rxe3+ 33. fxe3 Kd7 34. Rf2 Ke6 35. Rf4 Ke5 36. c5 Ra6 37. Rf2 Rxa3 38. Rf4
h5 39. Kf2 h4 40. Rc4 Ra2+ 41. Kg1 h3 42. Rf4 g3 43. Rf3 h2+ 44. Kh1 Ra1+
45. Kg2 h1=Q+ 46. Kxg3 Rg1+ {White resigns} 0-1

[Event "ICC tourney 1969 (45 10)"]
[Site "Internet Chess Club"]
[Date "2020.08.23"]
[Round "5"]
[White "Aqualime"]
[Black "VishyNo1"]
[Result "0-1"]
[ICCResult "White checkmated"]
[WhiteElo "1297"]
[BlackElo "2051"]
[Opening "Old Indian defense"]
[ECO "A53"]
[NIC "OI.04"]
[Time "11:03:41"]
[TimeControl "2700+10"]

1. d4 Nf6 2. c4 d6 3. Nc3 Nbd7 4. e4 e5 5. d5 g6 6. Be3 Bg7 7. Be2 O-O 8.
Nf3 Nc5 9. Nd2 a5 10. a3 Ne8 11. b4 axb4 12. axb4 Rxa1 13. Qxa1 Nd7 14. c5
f5 15. f3 f4 16. Bf2 Qg5 17. Bf1 h5 18. cxd6 Nxd6 19. Nb3 Qe7 20. Nc5 Nf6
21. Nb5 c6 22. dxc6 bxc6 23. Nxd6 Qxd6 24. Bc4+ Kh7 25. O-O Qd2 26. Qa4 Rd8
27. Qxc6 Qxb4 28. Ne6 Bxe6 29. Bxe6 Qb2 30. Qc1 Qb5 31. Qc5 Qb2 32. Qc1 Rd2
33. Qxb2 Rxb2 34. Rd1 Bf8 35. Bh4 Kg7 36. Bxf6+ Kxf6 37. Bd5 Bc5+ 38. Kh1 g5
39. h3 g4 40. hxg4 hxg4 41. fxg4 Kg5 42. Be6 Kh4 43. Bf5 Kg3 44. Rf1 Rxg2
45. g5 Rh2# {White checkmated} 0-1

[Event "ICC tourney 1969 (45 10)"]
[Site "Internet Chess Club"]
[Date "2020.08.23"]
[Round "5"]
[White "varsat"]
[Black "AkshatSuresh"]
[Result "1-0"]
[ICCResult "Black checkmated"]
[WhiteElo "1907"]
[BlackElo "1684"]
[Opening "Sicilian: closed"]
[ECO "B23"]
[NIC "SI.44"]
[Time "11:03:49"]
[TimeControl "2700+10"]

1. e4 c5 2. Nc3 e6 3. f4 a6 4. Nf3 Nc6 5. a4 Qc7 6. d3 d6 7. Be2 Nf6 8. O-O
b6 9. Qe1 Be7 10. Qg3 O-O 11. e5 Nd7 12. f5 Ndxe5 13. Nxe5 Nxe5 14. f6 g6
15. fxe7 Qxe7 16. Bf4 f6 17. Ne4 Bb7 18. Bxe5 dxe5 19. Rad1 c4 20. Qh4 Kg7
21. dxc4 g5 22. Qg4 h5 23. Qf3 f5 24. Qg3 Bxe4 25. Qxe5+ Kg6 26. Rd6 Rf6 27.
Bf3 Bxf3 28. Rxf3 Rb8 29. Re3 Kf7 30. Red3 Rb7 31. c3 Qe8 32. b3 Rh6 33.
Rxb6 Qa8 34. c5 Re7 35. Rb8 Qa7 36. Rdd8 h4 37. Rg8 Qxc5+ 38. Qxc5 Rg6 39.
Rbf8# {Black checkmated} 1-0

[Event "ICC tourney 1969 (45 10)"]
[Site "Internet Chess Club"]
[Date "2020.08.23"]
[Round "5"]
[White "hackerguru"]
[Black "Andy0507"]
[Result "0-1"]
[ICCResult "White resigns"]
[WhiteElo "1767"]
[BlackElo "2331"]
[Opening "Réti opening"]
[ECO "A11"]
[NIC "QP.09"]
[Time "11:03:51"]
[TimeControl "2700+10"]

1. Nf3 d5 2. c4 c6 3. e3 Nf6 4. Nc3 e6 5. b3 Bd6 6. Bb2 O-O 7. Qc2 e5 8.
cxd5 cxd5 9. Nb5 Nc6 10. Nxd6 Qxd6 11. d4 e4 12. Ne5 Nb4 13. Qd2 Ne8 14. Bc3
Na6 15. Bxa6 Qxa6 16. h3 f6 17. Ng4 Bd7 18. Bb4 Rf7 19. a4 Rc8 20. Rc1 Rxc1+
21. Qxc1 Bf5 22. Qd2 Rc7 23. Nh2 b6 24. Kd1 Bd7 25. Bc3 Bxa4 26. bxa4 Qc4
27. a5 b5 28. Qb2 Qxc3 29. Qxc3 Rxc3 30. Kd2 Rd3+ 31. Ke2 Nd6 32. Rb1 Ra3
33. Rc1 Nc4 34. Nf1 Rxa5 35. Rb1 a6 36. Ng3 Kf7 37. Rb3 Ra2+ 38. Ke1 Rb2 39.
Rxb2 Nxb2 40. Kd2 Nc4+ 41. Kc3 a5 42. f3 exf3 43. gxf3 Nxe3 44. f4 Ke6 45.
Kd3 Nf5 46. Ne2 b4 47. Nc1 Nd6 48. Nb3 Nc4 49. Nc5+ Kf5 50. h4 Kxf4 51. Ne6+
Kg4 52. Nxg7 Kxh4 53. Nf5+ Kg4 54. Ne7 Nb6 55. Nc6 a4 56. Nxb4 h5 57. Nc2 h4
58. Ne3+ Kf3 59. Nf5 h3 60. Nh4+ Kf2 61. Nf5 h2 62. Ne3 h1=Q 63. Ng4+ Kg3
64. Nxf6 Qf3+ 65. Kc2 Qxf6 {White resigns} 0-1

[Event "ICC tourney 1969 (45 10)"]
[Site "Internet Chess Club"]
[Date "2020.08.23"]
[Round "5"]
[White "NeevG"]
[Black "orwind"]
[Result "0-1"]
[ICCResult "White resigns"]
[WhiteElo "1139"]
[BlackElo "1303"]
[Opening "Giuoco Pianissimo"]
[ECO "C50"]
[NIC "IG.02"]
[Time "11:03:50"]
[TimeControl "2700+10"]

1. e4 e5 2. Nf3 Nc6 3. Bc4 Bc5 4. d3 h6 5. O-O Nf6 6. a3 a5 7. Be3 Bxe3 8.
fxe3 d6 9. Nc3 O-O 10. d4 Bg4 11. Qd3 Qd7 12. h3 Bh5 13. Nd5 Nh7 14. Rf2
Rae8 15. Nh4 Ng5 16. Re1 Nxh3+ 17. gxh3 Qxh3 18. Ng2 exd4 19. Ndf4 Qg4 20.
Nxh5 Qxh5 21. Nf4 Qg5+ 22. Rg2 Qh4 23. Ng6 Qxe1+ 24. Qf1 Qxf1+ 25. Kxf1 dxe3
26. Nxf8 Kxf8 27. Ke2 Rxe4 28. Bd3 Re5 29. c3 d5 30. Rg3 d4 31. c4 Ne7 32.
b4 axb4 33. axb4 g5 34. Rg4 f5 35. Rxd4 f4 36. Rd7 g4 37. Rxc7 f3+ 38. Kf1
e2+ 39. Bxe2 fxe2+ 40. Ke1 g3 41. Rxb7 g2 {White resigns} 0-1

[Event "ICC tourney 1969 (45 10)"]
[Site "Internet Chess Club"]
[Date "2020.08.23"]
[Round "5"]
[White "happyscientist"]
[Black "davika21"]
[Result "1/2-1/2"]
[ICCResult "Game drawn by repetition"]
[WhiteElo "1691"]
[BlackElo "1876"]
[Opening "Ruy Lopez: exchange, Gligoric variation"]
[ECO "C69"]
[NIC "RL.08"]
[Time "11:03:47"]
[TimeControl "2700+10"]

1. e4 e5 2. Nf3 Nc6 3. Bb5 a6 4. Bxc6 dxc6 5. O-O f6 6. d4 exd4 7. Nxd4 c5
8. Nb3 Qxd1 9. Rxd1 b6 10. Bf4 Ra7 11. Nc3 Ne7 12. Rd2 Be6 13. f3 Ng6 14.
Bg3 h5 15. h3 h4 16. Bh2 Ne5 17. Rb1 Nc4 18. Rd3 Bd6 19. Bxd6 Nxd6 20. Rdd1
g5 21. Nd5 Kf7 22. Nxc7 Bxb3 23. axb3 Nxe4 24. Rd7+ Kg6 25. fxe4 Rc8 26. Rf1
Rcxc7 27. Rd6 Rf7 28. Rxb6 Rae7 29. Rxa6 Rxe4 30. Rc6 Re5 31. Rf2 Kg7 32.
Rd2 Rfe7 33. Kf2 Rf5+ 34. Kg1 Re1+ 35. Kh2 Rff1 36. g4 Rh1+ 37. Kg2 Reg1+
38. Kf2 Rg3 39. Rd7+ Kg6 40. Rcc7 Rh2+ 41. Kf1 Rh1+ 42. Kf2 Rh2+ 43. Kf1
Rh1+ 44. Kf2 Rh2+ 45. Kf1 Rh1+ 46. Kf2 Rh2+ {Game drawn by repetition}
1/2-1/2

[Event "ICC tourney 1969 (45 10)"]
[Site "Internet Chess Club"]
[Date "2020.08.23"]
[Round "5"]
[White "MateOnF7"]
[Black "sushmadasari"]
[Result "1-0"]
[ICCResult "Black resigns"]
[WhiteElo "1899"]
[BlackElo "1503"]
[Opening "Sicilian: Anderssen variation"]
[ECO "B41"]
[NIC "SI.41"]
[Time "11:03:42"]
[TimeControl "2700+10"]

1. e4 c5 2. Nf3 e6 3. d4 cxd4 4. Nxd4 Nf6 5. Nc3 Nc6 6. Be2 Bb4 7. f3 d5 8.
exd5 Nxd5 9. Nxc6 bxc6 10. Qd4 O-O 11. O-O Nxc3 12. bxc3 Be7 13. Kh1 Bf6 14.
Qc4 Bd7 15. Ba3 Re8 16. Rad1 Qc8 17. f4 Rb8 18. Bc5 a5 19. Bd4 Bd8 20. Rf3
Bc7 21. Qc5 Bb6 22. Qh5 Bxd4 23. cxd4 Qd8 24. Bd3 h6 25. g4 c5 26. Be4 cxd4
27. g5 f5 28. gxh6 fxe4 29. Rg3 Re7 30. Rdg1 Qf8 31. Rxg7+ Rxg7 32. Rxg7+
Qxg7 33. hxg7 Kxg7 34. Qe5+ {Black resigns} 1-0

[Event "ICC tourney 1969 (45 10)"]
[Site "Internet Chess Club"]
[Date "2020.08.23"]
[Round "5"]
[White "vishalanil"]
[Black "xiaoqixia"]
[Result "1/2-1/2"]
[ICCResult "Game drawn by repetition"]
[WhiteElo "1893"]
[BlackElo "2114"]
[Opening "Petrov three knights game"]
[ECO "C42"]
[NIC "RG.01"]
[Time "11:03:59"]
[TimeControl "2700+10"]

1. e4 e5 2. Nf3 Nf6 3. Nc3 Bb4 4. d3 Nc6 5. Bd2 O-O 6. Qe2 d5 7. exd5 Nxd5
8. Nxd5 Bxd2+ 9. Qxd2 Qxd5 10. Be2 b6 11. O-O Bb7 12. Rfe1 Rad8 13. Bf1 Rfe8
14. Qg5 Rd6 15. Re4 Rg6 16. Qh5 Qd6 17. Rae1 Rh6 18. Qg5 Rg6 19. Qh5 Rh6 20.
Qg5 Rg6 21. Qh5 Rh6 22. Qg5 {Game drawn by repetition} 1/2-1/2

[Event "ICC tourney 1969 (45 10)"]
[Site "Internet Chess Club"]
[Date "2020.08.23"]
[Round "5"]
[White "Ayushb"]
[Black "annameiyappan"]
[Result "0-1"]
[ICCResult "White resigns"]
[WhiteElo "1723"]
[BlackElo "2053"]
[Opening "Scandinavian (center counter) defense"]
[ECO "B01"]
[NIC "SD.01"]
[Time "11:03:43"]
[TimeControl "2700+10"]

1. e4 d5 2. exd5 Qxd5 3. Nc3 Qa5 4. d4 c6 5. Nf3 Nf6 6. Bc4 Bf5 7. O-O e6 8.
Bf4 Qd8 9. h3 Bd6 10. Bxd6 Qxd6 11. Bd3 Bxd3 12. Qxd3 Nbd7 13. Ne4 Nxe4 14.
Qxe4 Nf6 15. Qd3 O-O 16. c3 Rad8 17. Rad1 c5 18. Qc2 h6 19. dxc5 Qxc5 20.
Rxd8 Rxd8 21. Rd1 Nd5 22. Qe4 Rc8 23. Nd4 Qb6 24. Qe2 Qd6 25. Qf3 Qe5 26.
Qe2 Qf6 27. Qf3 Qg6 28. Nf5 Qf6 29. Nd4 Qxf3 30. Nxf3 g5 31. g3 Kg7 32. Nd4
Kg6 33. Kg2 Rc5 34. Kf3 Ra5 35. a3 Nb6 36. Rb1 e5 37. Nc2 Nc4 38. Ke2 Rd5
39. Ne3 Rd2+ 40. Kf3 Rxb2 41. Rxb2 Nxb2 42. Ke4 f6 43. Kd5 Nd3 44. Nd1 f5
45. Kd6 f4 46. Kc7 e4 47. Kxb7 Nxf2 {White resigns} 0-1

[Event "ICC tourney 1969 (45 10)"]
[Site "Internet Chess Club"]
[Date "2020.08.23"]
[Round "5"]
[White "dopolian"]
[Black "Priccchess"]
[Result "1-0"]
[ICCResult "Black resigns"]
[WhiteElo "2360"]
[BlackElo "1775"]
[Opening "Philidor: exchange variation"]
[ECO "C41"]
[NIC "KP.08"]
[Time "11:03:39"]
[TimeControl "2700+10"]

1. e4 e5 2. Nf3 d6 3. d4 exd4 4. Nxd4 Nf6 5. Nc3 Be7 6. Bc4 O-O 7. O-O a6 8.
a4 Bd7 9. Be3 Nc6 10. Nxc6 Bxc6 11. f3 h6 12. Qd2 Nh7 13. Rae1 Bg5 14. f4
Bf6 15. Bd4 Bxd4+ 16. Qxd4 Nf6 17. Qd3 Nd7 18. b4 Rb8 19. b5 Nc5 20. Qd4
axb5 21. axb5 Bd7 22. f5 b6 23. Rf3 Kh7 24. f6 g6 25. Nd5 Ne6 26. Qd2 Ng5
27. Rg3 Be6 28. Rxg5 hxg5 29. Qxg5 Bxd5 30. Bxd5 c6 31. Re3 cxd5 32. Rh3+
Kg8 33. Rh8+ {Black resigns} 1-0

[Event "ICC tourney 1969 (45 10)"]
[Site "Internet Chess Club"]
[Date "2020.08.23"]
[Round "5"]
[White "Vish1080"]
[Black "dzchess01"]
[Result "0-1"]
[ICCResult "White checkmated"]
[WhiteElo "1657"]
[BlackElo "1833"]
[Opening "Réti opening"]
[ECO "A13"]
[NIC "QP.11"]
[Time "11:03:40"]
[TimeControl "2700+10"]

1. Nf3 e6 2. c4 Nf6 3. e3 d5 4. d4 Be7 5. b3 O-O 6. Bb2 b6 7. Be2 Ne4 8. O-O
Nd7 9. Nfd2 Ndf6 10. f3 Nd6 11. Nc3 c5 12. cxd5 cxd4 13. exd4 Nxd5 14. Nxd5
exd5 15. Bd3 Nf5 16. Qe2 Bf6 17. Qf2 Bh4 18. g3 Bg5 19. f4 Bf6 20. Nf3 h5
21. Ne5 Nh6 22. Ba3 Re8 23. Bb5 Re6 24. Rac1 Ng4 25. Qd2 Bb7 26. f5 Rxe5 27.
dxe5 Bg5 28. Qe2 Bxc1 29. Rxc1 d4 30. e6 Qd5 31. exf7+ Kh7 32. Bc6 Bxc6 33.
Rxc6 Qxc6 34. f8=Q Rxf8 35. Bxf8 Qc3 36. Bd6 d3 37. Qe4 Qc1+ 38. Kg2 Qd2+
39. Kg1 Qf2+ 40. Kh1 Qxh2# {White checkmated} 0-1